 Dungeon Crawl Stone Soup version 0.31-a0-1074-g0b22e4e0f1 (webtiles) character file.

Game seed: 5078111941184393229

180519 whatisthis the Slayer (level 17, -8/158 HPs)
             Began as a Merfolk Ice Elementalist on Nov 28, 2023.
             Was a High Priest of Vehumet.
             Mangled by a spriggan berserker
             ... wielding a +0 flail
              (32 damage)
             ... on level 1 of the Swamp on Nov 30, 2023.
             The game lasted 04:24:08 (41998 turns).

whatisthis the Slayer (Merfolk Ice Elementalist)   Turns: 41998, Time: 04:24:09

Health: -8/158     AC: 27    Str: 13    XL:     17   Next: 92%
Magic:  12/34      EV:  9    Int: 25    God:    Vehumet [*****.]
Gold:   1957       SH: 14    Dex: 13    Spells: 13/43 levels left

rFire   + + .        s - +8 demon trident
rCold   . . .        W - +0 kite shield {AC+3}
rNeg    . . .        x - +3 ring mail {rPois}
rPois   +            H - +2 helmet
rElec   .            i - +2 cloak
rCorr   .            p - +2 pair of gloves
SInv    .            F - +1 pair of boots
Will    +....        M - amulet of Ebasol {Reflect *Corrode rF++ Int+8 Dex-2 SH+5}
Stlth   +            m - +4 ring of protection
HPRegen 0.46/turn    k - +4 ring of slaying
MPRegen 0.24/turn

%: corrode self (3%), reflection
@: about to teleport
A: (nimble swimmer 2), mertail
}: 1/15 runes: serpentine
a: Renounce Religion


You were on level 1 of the Swamp.
You worshipped Vehumet.
Vehumet was extremely pleased with you.
You visited 6 branches of the dungeon, and saw 28 of its levels.
You also visited: Sewer.

You collected 3215 gold pieces.
You spent 1258 gold pieces at shops.

Inventory:

Hand Weapons
 s - a +8 demon trident (weapon)
Missiles
 f - 2 throwing nets
 h - 214 stones (quivered)
 n - 6 darts of dispersal
 o - 15 boomerangs
 r - 60 poisoned darts
 L - 7 javelins
Armour
 i - a +2 cloak (worn)
 p - a +2 pair of gloves (worn)
 x - a +3 ring mail of poison resistance (worn)
 B - the +3 hat of Pondering {ponderous, Will+ MP+10 Int+5}
   (You took it off Gastronok on level 9 of the Dungeon)

   Int+5:     It affects your intelligence (+5).
   Will+:     It increases your willpower.
   MP+10:     It affects your magic capacity (+10).
 F - a +1 pair of boots (worn)
 H - a +2 helmet (worn)
 K - a +1 tower shield of protection
 R - a +0 buckler
 W - a +0 kite shield of protection (worn)
Jewellery
 k - a +4 ring of slaying (right hand)
 m - a +4 ring of protection (left hand)
 J - an amulet of reflection
 M - the amulet of Ebasol (around neck) {Reflect *Corrode rF++ Int+8 Dex-2 SH+5}
   (You bought it in a shop on level 1 of the Orcish Mines)

   [amulet of reflection]

   Reflect:   It reflects blocked missile attacks.
   Int+8:     It affects your intelligence (+8).
   Dex-2:     It affects your dexterity (-2).
   rF++:      It greatly protects you from fire.
   *Corrode:  It may corrode you when you take damage.
   SH+5:      It affects your SH (+5).
 Q - the ring "Goxtorph" {Fly rElec Will- Str+3 SInv}
   (You took it off a naga warrior on level 1 of the Snake Pit)

   [ring of see invisible]

   Str+3:     It affects your strength (+3).
   rElec:     It insulates you from electricity.
   Will-:     It decreases your willpower.
   SInv:      It lets you see invisible.
   Fly:       It grants you flight.
 V - a ring of positive energy
Wands
 j - a wand of polymorph (15)
 z - a wand of roots (20)
 A - a wand of digging (10)
 C - a wand of acid (4)
 S - a wand of paralysis (21)
 T - a wand of flame (21)
 Y - a wand of mindburst (3)
Scrolls
 c - 6 scrolls of teleportation
 d - 5 scrolls of revelation
 e - 4 scrolls of noise
 l - 4 scrolls of vulnerability
 u - 2 scrolls of immolation
 y - 6 scrolls of amnesia
 D - 2 scrolls of poison
 G - 2 scrolls of fog
 N - 3 scrolls of fear
 P - 6 scrolls of identify
 X - a scroll of enchant armour
 Z - a scroll of silence
Potions
 a - a potion of cancellation
 b - 2 potions of magic
 g - 7 potions of curing
 q - 6 potions of brilliance
 t - 2 potions of might
 v - 3 potions of heal wounds
 w - 3 potions of mutation
 E - 2 potions of resistance
 I - 3 potions of lignification
 O - 2 potions of berserk rage
 U - 2 potions of attraction


   Skills:
 + Level 21.4 Fighting
 - Level 14.6 Polearms
 - Level 3.0 Armour
 - Level 3.0 Dodging
 - Level 2.1 Stealth
 - Level 5.0 Shields
 + Level 13.9 Spellcasting
 + Level 11.9 Conjurations
 + Level 8.9 Ice Magic


You had 13 spell levels left.
You knew the following spells:

 Your Spells              Type           Power      Damage    Failure   Level
a - Freeze                Ice            100%       1d10      1%          1
b - Frozen Ramparts       Ice            100%       1d16      1%          3
c - Ozocubu's Armour      Ice            58%        N/A       1%          3
d - Fireball              Conj/Fire      23%        3d11      14%         5
e - Stone Arrow           Conj/Erth      94%        3d12      1%          3
f - Iskenderun's Battles  Conj           67%        2d12      1%          5
g - Freezing Cloud        Conj/Ice/Air   25%        6-21      10%         5
h - Irradiate             Conj/Tmut      23%        3d19      14%         5

Your spell library contained the following spells:

 Spells                   Type           Power      Damage    Failure   Level
 Maxwell's Capacitive Co  Air            8%         ∞         100%        8
 Foxfire                  Conj/Fire      100%       2x1d9     1%          1
 Ensorcelled Hibernation  Hex/Ice        78%        N/A       5%          2
 Brom's Barrelling Bould  Conj/Erth      47%        2d6       5%          4
 Flame Wave               Conj/Fire      47%        2d12      5%          4
 Sandblast                Erth           34%        2d9       6%          1
 Poisonous Vapours        Pois/Air       34%        N/A       10%         2
 Scorch                   Fire           34%        2d6       10%         2
 Ignite Poison            Fire/Tmut/Pois 17%        N/A       17%         3
 Necrotise                Necr           68%        1d7       22%         1
 Sting                    Tmut/Pois      68%        1d6       22%         1
 Orb of Destruction       Conj           33%        9d10      32%         7
 Cigotuvi's Dreadful Rot  Necr/Pois/Air  34%        N/A       34%         2
 Jinxbite                 Hex            34%        N/A       34%         2
 Lesser Beckoning         Tloc           34%        N/A       34%         2
 Passwall                 Tmut/Erth      14%        N/A       34%         2
 Summon Ice Beast         Ice/Summ       39%        N/A       34%         4
 Olgreb's Toxic Radiance  Pois           17%        N/A       47%         4
 Call Canine Familiar     Summ           17%        N/A       56%         3
 Gell's Gravitas          Tloc           17%        N/A       56%         3
 Sigil of Binding         Hex            17%        N/A       56%         3
 Summon Guardian Golem    Hex/Summ       17%        N/A       56%         3
 Swiftness                Air            17%        N/A       56%         3
 Teleport Other           Tloc           17%        N/A       56%         3
 Vampiric Draining        Necr           17%        2d7       56%         3
 Starburst                Conj/Fire      23%        6d8       56%         6
 Ozocubu's Refrigeration  Ice            29%        4d13      71%         7
 Anguish                  Hex/Necr       8%         N/A       92%         4
 Cause Fear               Hex            8%         N/A       92%         4
 Dimensional Bullseye     Hex/Tloc       8%         N/A       92%         4
 Leda's Liquefaction      Hex/Erth       8%         N/A       92%         4
 Spellforged Servitor     Conj/Summ      23%        N/A       97%         7
 Agony                    Necr           17%        N/A       99%         5
 Simulacrum               Ice/Necr       19%        N/A       99%         6
 Plasma Beam              Fire/Air       8%         2x1d19    100%        6
 Summon Cactus Giant      Summ           8%         N/A       100%        6
 Enfeeble                 Hex            8%         N/A       100%        7
 Haunt                    Necr/Summ      8%         N/A       100%        7
 Borgnjor's Revivificati  Necr           8%         N/A       100%        8
 Death's Door             Necr           8%         N/A       100%        9
 Polar Vortex             Ice            29%        12d3*     100%        9


Dungeon Overview and Level Annotations

Branches:
Dungeon (15/15)            Temple (1/1) D:5            Lair (5/5) D:11
  Swamp (1/4) Lair:2        Snake (4/4) Lair:2        Slime (0/5) Lair:4
    Orc (2/2) D:9             Elf (0/3) Orc:2        Vaults (0/5) D:13
 Depths (0/4) D:15          Sewer (visited)

Altars:
Cheibriados
Dithmenos
Elyvilon
Fedhas
Gozag
Hepliaklqana
Kikubaaqudgha
Makhleb
Nemelex Xobeh
Okawaru
Qazlal
Ru
Sif Muna
Trog
Uskayaw
Vehumet
Wu Jian
Xom
Yredelemnul
Zin
The Shining One
Jiyva

Shops:
D:8 (   D:9 *   D:11 (   D:15 ((((=   Orc:1 =   Orc:2 =[=?   Snake:2 (::=
Snake:3 [

Annotations:
D:2 1 exclusion, Terence
D:6 Jeremiah
D:8 exclusion: two-headed ogre
D:14 Louise
Lair:4 1 runed translucent door, LeprechaunX's ghost, journeyman OpSh


Innate Abilities, Weirdness & Mutations

((You are very nimble when in or above water. (Stealth+, EV+, Speed+++)))
Your lower body shifts to a powerful aquatic tail in water.


Message History

Unknown command.
You closely miss the spriggan air mage.
The spriggan air mage is almost dead.
The polar bear barely misses you. The polar bear closely misses you.
You block the polar bear's attack. You block the death yak's attack.
You block the spriggan air mage's attack.
Unknown command.
Press: ? - help, v - describe, . - travel
Here: a polar bear (summoned, berserk) Some shallow water.
Casting: Stone Arrow (safe; 1% risk of failure)
Confirm with . or Enter, or press ? or * to list all spells.
Aiming: Freezing Cloud (dangerous; 10% risk of failure)
Press: ? - help, Dir - move target, p - spriggan air mage The death yak gores you!!
A spriggan berserker comes into view. It is wielding a +0 broad axe.
The spriggan berserker splashes around in the water.
The spriggan berserker is engulfed in freezing vapours.
The spriggan air mage casts a spell at you.
The bolt of lightning hits you!
The mangrove smoulders and burns.
The death yak gores you. The death yak gores you!!
* * * LOW HITPOINT WARNING * * *
The spriggan berserker shouts!
Okay, then.
As you read the scroll of teleportation, it crumbles to dust.
You feel strangely unstable.
The spriggan berserker hits you with a +0 flail!
* * * LOW HITPOINT WARNING * * *
The spriggan berserker is engulfed in freezing vapours.
The spriggan berserker mumbles some strange prayers to Trog.
The spriggan berserker goes berserk!
You block the death yak's attack. The death yak barely misses you.
The spriggan berserker is engulfed in freezing vapours.
You block the spriggan air mage's attack.
You block the polar bear's attack.
The polar bear claws you but does no damage.
The polar bear claws you.
* * * LOW HITPOINT WARNING * * *
The spriggan berserker hits you with a +0 flail!!
You die...

....~~~♣♣ .. ~...~~.~♣♣♣♣♣
♣~§~.~..$~
~§~.....~~..♣♣♣♣♣~~~§~~~.~
~~~.......~.....§.~~~~~~~~
~......[.~~§~~~........~~~
.....~......~~~~..~~...§~.
~..~...~~~~.~~~~~~~..§~§..
~.♣~.~~~~~~.~~~.hY~..§☼§..
♣♣♣♣..~~........@Yi§§~i§.~
♣♣ ♣♣.~§....~~~~ii§§♣♣♣♣.~
.♣ ♣♣♣♣♣♣...~~~~~§§§♣ .♣♣
♣♣♣♣.~§.~~~.♣ ~.♣♣♣♣♣♣
♣♣♣♣♣...♣♣ ~♣♣~...♣♣ §♣♣♣♣
~÷♣~~~..♣♣♣♣♣♣♣ ♣
.♣.~~~~~.♣♣..~♣
♣♣~[~~~~~.~~~.♣ ♣♣♣♣♣♣


You could see 2 death yaks, 3 spriggan berserkers, a spriggan air mage (repels
missiles) and a polar bear (summoned, berserk).

Vanquished Creatures
  Rupert (D:13)
  Gastronok (D:9)
  11 nagarajas
  Kirke (Lair:4)
  An orc warlord (Orc:1)
  Nessos (D:14)
  A fire dragon (D:15)
  An ettin (Orc:2)
  The ghost of nmoody145 the Spear-Bearer, a journeyman HOFi of Ashenzari (Lair:1)
  An ice dragon (D:15)
  2 salamander tyrants
  A catoblepas (Lair:3)
  A vault guard (D:13)
  2 hydras
  7 anacondas
  2 alligators (Swamp:1)
  5 centaur warriors
  A dancing weapon (D:13)
  3 two-headed ogres
  3 boulder beetles
  A death knight (D:15)
  6 death yaks
  18 naga warriors
  10 naga sharpshooters
  6 orc high priests
  6 shock serpents
  2 salamander mystics
  Urug (D:11)
  8 sea snakes (Snake:1)
  A skyshark (Lair:5)
  A bog body (Swamp:1)
  7 naga ritualists
  An orc knight (Orc:1)
  A deep elf pyromancer (D:14)
  5 cyclopes
  2 orc sorcerers (Orc:2)
  9 mana vipers
  20 ugly things
  2 manticores (D:14)
  9 salamanders
  5 centaur zombies (D:12)
  A torpor snail (Lair:4)
  15 elephants
  26 naga magi
  2 guardian serpents (Snake:3)
  27 black mambas
  A gargoyle (D:12)
  10 cane toads
  9 centaur skeletons (D:12)
  A rime drake (Lair:3)
  12 komodo dragons
  2 freezing wraiths (D:15)
  An efreet (D:14)
  A yaktaur (shapeshifter) (D:15)
  2 unseen horrors
  7 trolls
  A bloated husk (Swamp:1)
  8 polar bears
  A harpy zombie (D:12)
  23 blink frogs
  5 hornets
  3 tyrant leeches (Swamp:1)
  8 dream sheep
  3 vampires (D:9)
  40 yaks
  11 spriggans (Lair:5)
  8 wraiths
  2 wyverns
  2 basilisks
  5 hogs
  A steam dragon (D:8)
  15 vampire mosquitoes
  3 swamp worms (Swamp:1)
  49 nagas
  11 wargs
  An acid dragon (D:12)
  15 water moccasins
  A hornet zombie (D:12)
  3 ice beasts
  15 orc warriors
  2 sky beasts
  2 swamp drakes (Swamp:1)
  6 black bears
  6 ogres
  27 wolves
  5 boggarts (Lair:5)
  7 centaurs
  A phantom (D:5)
  2 kobold brigands
  19 bullfrogs
  A gnoll sergeant (D:6)
  4 scorpions
  12 wights
  10 killer bees
  7 electric eels (Snake:1)
  4 howler monkeys
  6 jellies
  42 orc priests
  5 hounds
  3 gnoll boudas
  4 iguanas
  13 orc wizards
  6 hell rats
  19 gnolls
  2 adders
  8 river rats
  5 ufetubi
  4 worms
  A dart slug (D:1)
  97 orcs
  9 ball pythons
  9 bats
  2 endoplasms
  5 goblins
  12 hobgoblins
  5 quokkas
  6 frilled lizards
  22 kobolds
  6 rats
925 creatures vanquished.

Vanquished Creatures (others)
  A naga (Snake:4)
1 creature vanquished.

Grand Total: 926 creatures vanquished

Notes
Turn   | Place    | Note
-------+----------+-------------------------------------------
     0 | D:1      | whatisthis the Merfolk Ice Elementalist began the quest for
                  | the Orb.
     0 | D:1      | Reached XP level 1. HP: 13/13 MP: 3/3
   253 | D:1      | Reached XP level 2. HP: 16/20 MP: 1/5
   310 | D:1      | Reached skill level 1 in Fighting
   730 | D:1      | Reached XP level 3. HP: 25/26 MP: 4/6
   847 | D:2      | Found an iron altar of Okawaru.
   862 | D:2      | Noticed Terence
   983 | D:2      | Learned a level 3 spell: Frozen Ramparts
  1496 | D:2      | Learned a level 3 spell: Ozocubu's Armour
  1777 | D:3      | Reached skill level 2 in Fighting
  1856 | D:3      | Reached skill level 5 in Ice Magic
  1856 | D:3      | Reached XP level 4. HP: 34/34 MP: 3/8
  1987 | D:3      | Found a shadowy altar of Dithmenos.
  2593 | D:4      | Reached XP level 5. HP: 39/39 MP: 3/9
  2821 | D:4      | Reached skill level 3 in Fighting
  2954 | D:4      | Noticed an ogre
  3072 | D:4      | Killed an ogre
  3073 | D:4      | Reached XP level 6. HP: 48/48 MP: 3/11
  3351 | D:4      | Reached skill level 4 in Fighting
  3478 | D:5      | Entered Level 5 of the Dungeon
  3581 | D:3      | Found a shimmering altar of Xom.
  3743 | D:5      | Noticed an ice beast
  3817 | D:5      | Reached XP level 7. HP: 54/54 MP: 4/13
  4194 | D:5      | Reached skill level 5 in Fighting
  4340 | D:5      | Reached XP level 8. HP: 63/63 MP: 7/15
  4413 | D:5      | Reached skill level 5 in Spellcasting
  4625 | D:5      | Reached skill level 6 in Fighting
  4654 | D:5      | Found a staircase to the Ecumenical Temple.
  4742 | Temple   | Entered the Ecumenical Temple
  4749 | Temple   | Became a worshipper of Vehumet
  4793 | D:5      | Reached skill level 1 in Polearms
  5352 | D:6      | Found a glowing drain.
  5365 | Sewer    | Entered a sewer
  5398 | Sewer    | Reached skill level 7 in Fighting
  5479 | D:6      | Reached XP level 9. HP: 72/72 MP: 10/17
  5612 | D:6      | Reached * piety under Vehumet
  5612 | D:6      | Offered knowledge of Shock by Vehumet.
  5613 | D:6      | Reached skill level 5 in Polearms
  6059 | D:6      | Noticed Jeremiah
  6230 | D:6      | Reached skill level 8 in Fighting
  6820 | D:7      | Noticed a hornet
  6834 | D:7      | Killed a hornet
  7374 | D:8      | Reached skill level 9 in Fighting
  7502 | D:8      | Reached ** piety under Vehumet
  7502 | D:8      | Offered knowledge of Searing Ray by Vehumet.
  7849 | D:8      | Reached XP level 10. HP: 68/84 MP: 13/18
  7919 | D:8      | Reached skill level 10 in Fighting
  7989 | D:8      | Reached skill level 10 in Polearms
  8133 | D:8      | Noticed a two-headed ogre
  8173 | D:8      | Offered knowledge of Volatile Blastmotes by Vehumet.
  8372 | D:8      | Found Gamocec's Antique Weapon Boutique.
  8432 | D:8      | Reached skill level 11 in Fighting
  8655 | D:9      | Found Zin's Purification Station.
  8659 | D:9      | Found a glowing silver altar of Zin.
  8661 | D:9      | Noticed Gastronok
  8959 | D:9      | Noticed a two-headed ogre
  8973 | D:9      | Killed a two-headed ogre
  9044 | D:9      | Noticed a cyclops
  9059 | D:9      | Killed a cyclops
  9206 | D:9      | Found a staircase to the Orcish Mines.
  9214 | D:9      | Reached *** piety under Vehumet
  9488 | D:9      | Reached XP level 11. HP: 51/95 MP: 13/19
  9720 | D:9      | Reached skill level 12 in Fighting
 10182 | D:9      | Offered knowledge of Mephitic Cloud by Vehumet.
 10418 | D:10     | Entered Level 10 of the Dungeon
 11364 | D:11     | Noticed Urug
 11398 | D:11     | Noticed a two-headed ogre
 11462 | D:11     | Found Ihaubb's Weapon Boutique.
 11631 | D:11     | Found a staircase to the Lair.
 11961 | D:12     | Reached skill level 13 in Fighting
 12071 | D:12     | Reached **** piety under Vehumet
 12318 | D:12     | Noticed a cyclops
 12326 | D:12     | Killed a cyclops
 12480 | D:11     | Killed Urug
 12597 | D:11     | Offered knowledge of Fireball by Vehumet.
 12619 | D:11     | Killed a two-headed ogre
 12930 | Lair:1   | Entered Level 1 of the Lair of Beasts
 13070 | Lair:1   | Reached XP level 12. HP: 87/106 MP: 18/20
 13326 | Lair:1   | Reached skill level 1 in Conjurations
 13330 | Lair:1   | Reached skill level 14 in Fighting
 13373 | Lair:1   | Learned a level 5 spell: Fireball
 13709 | Lair:1   | Found a hide-covered altar of Uskayaw.
 13814 | Lair:1   | Noticed nmoody145's ghost (journeyman HOFi)
 14227 | Lair:1   | Found a runed translucent door.
 14340 | Lair:2   | Learned a level 3 spell: Stone Arrow
 14474 | Lair:2   | Found a staircase to the Snake Pit.
 14566 | Lair:2   | Identified the +0 orcbow "Eladdouch" {elec, Str+3 Dex+3}
 14845 | Lair:2   | Found a staircase to the Swamp.
 14857 | Lair:2   | Found a blossoming altar of Fedhas.
 15128 | Lair:2   | Reached skill level 15 in Fighting
 15358 | Snake:1  | Entered Level 1 of the Snake Pit
 15358 | Snake:1  | Noticed a shock serpent
 15500 | Lair:3   | Reached XP level 13. HP: 99/115 MP: 21/24
 15658 | Lair:3   | Reached ***** piety under Vehumet
 15663 | Lair:3   | Reached skill level 5 in Conjurations
 15764 | Lair:3   | Offered knowledge of Iskenderun's Battlesphere by Vehumet.
 15799 | Lair:3   | Learned a level 5 spell: Iskenderun's Battlesphere
 17082 | Lair:4   | Found a staircase to the Slime Pits.
 17448 | Lair:4   | Noticed Kirke
 17944 | Lair:4   | Reached skill level 16 in Fighting
 18077 | Lair:4   | Found a viscous altar of Jiyva.
 18364 | Lair:4   | Noticed a sphinx
 18373 | Lair:4   | Noticed a sphinx
 18374 | Lair:4   | Killed Kirke
 18487 | Lair:4   | Offered knowledge of Starburst by Vehumet.
 18833 | Lair:4   | Found a runed translucent door.
 18838 | Lair:4   | Noticed LeprechaunX's ghost (journeyman OpSh)
 19200 | Lair:5   | Entered Level 5 of the Lair of Beasts
 19699 | Lair:5   | Reached XP level 14. HP: 93/126 MP: 25/27
 20198 | Lair:5   | Reached skill level 10 in Spellcasting
 20556 | Lair:5   | Reached skill level 1 in Armour
 20810 | Lair:5   | Reached skill level 1 in Shields
 21028 | Lair:5   | Reached skill level 17 in Fighting
 23013 | D:12     | Offered knowledge of Eringya's Noxious Bog by Vehumet.
 23070 | D:12     | Reached skill level 18 in Fighting
 23105 | D:12     | Found the +9 sword of Zonguldrok {reap}
 23105 | D:12     | Noticed a bone dragon
 23309 | D:13     | Noticed Rupert
 23311 | D:13     | Paralysed by Rupert for 3 turns
 24096 | D:13     | Identified the granite talisman of Gozag {rC++ Stlth+}
 24438 | D:14     | Noticed Nessos
 24450 | D:14     | Killed Nessos
 24687 | D:14     | Reached XP level 15. HP: 136/136 MP: 23/29
 24797 | D:14     | You fall into a shaft and drop 1 floor!
 24797 | D:15     | Entered Level 15 of the Dungeon
 24918 | D:15     | Found Leicw's Weapon Boutique.
 25059 | D:14     | Noticed Louise
 25282 | D:9      | Killed Gastronok
 25465 | Orc:1    | Entered Level 1 of the Orcish Mines
 25501 | Orc:1    | Found Hadegivure's Jewellery Shoppe.
 25614 | Orc:2    | Entered Level 2 of the Orcish Mines
 26124 | Orc:1    | Noticed an orc warlord
 26624 | Orc:1    | Killed an orc warlord
 27184 | Orc:2    | Offered knowledge of Lee's Rapid Deconstruction by Vehumet.
 27623 | Orc:2    | Found Kiwilug's Jewellery Shop.
 27623 | Orc:2    | Found Wiynaib's Armour Shoppe.
 27787 | Orc:2    | Reached skill level 5 in Shields
 27794 | Orc:2    | Found Maqu's Jewellery Shop.
 27794 | Orc:2    | Found Netypran's Magic Scroll Shoppe.
 27800 | Orc:2    | Bought a scroll of identify for 20 gold pieces
 27800 | Orc:2    | Bought a scroll of identify for 20 gold pieces
 27803 | Orc:2    | Bought a scroll of identify for 20 gold pieces
 28277 | Orc:2    | Reached skill level 19 in Fighting
 28629 | Orc:2    | Found a staircase to the Elven Halls.
 29095 | Orc:1    | Bought the amulet of Ebasol {Reflect *Corrode rF++ Int+8
                  | Dex-2 SH+5} for 922 gold pieces
 29417 | Orc:2    | Bought a +3 ring mail of poison resistance for 276 gold
                  | pieces
 30049 | D:14     | Found a shadowy altar of Dithmenos.
 30164 | D:15     | Found Cilu's Antique Weapon Shoppe.
 30652 | D:15     | Offered knowledge of Freezing Cloud by Vehumet.
 30661 | D:15     | Learned a level 5 spell: Freezing Cloud
 30719 | D:15     | Found Siwohut's Antique Weapon Emporium.
 30759 | D:15     | Found Afediv's Jewellery Emporium.
 31228 | D:15     | Found Gausavot's Antique Weapon Boutique.
 31467 | D:15     | Found a staircase to the Depths.
 31568 | D:13     | Found a gate to the Vaults.
 31679 | D:13     | Killed Rupert
 32150 | Lair:1   | Killed nmoody145's ghost
 32589 | Snake:1  | Reached XP level 16. HP: 147/147 MP: 26/31
 33860 | Snake:1  | Reached skill level 20 in Fighting
 33884 | Snake:1  | Reached skill level 10 in Conjurations
 34034 | Snake:1  | Noticed a nagaraja
 34095 | Snake:1  | Killed a nagaraja
 34510 | Snake:1  | Noticed a nagaraja
 34519 | Snake:1  | Killed a nagaraja
 34698 | Snake:1  | Identified the ring "Goxtorph" {Fly rElec Will- Str+3 SInv}
 35211 | Snake:2  | Found Ohepto's Jewellery Emporium.
 35212 | Snake:2  | Found Zalid's Book Shop.
 35212 | Snake:2  | Found Tytoig's Book Shop.
 35692 | Snake:2  | Offered knowledge of Irradiate by Vehumet.
 36241 | Snake:2  | Found Xashuuqu's Antique Weapon Boutique.
 36678 | Snake:3  | Learned a level 5 spell: Irradiate
 36853 | Snake:3  | Reached XP level 17. HP: 157/157 MP: 18/33
 37431 | Snake:3  | Found Biele's Antique Armour Boutique.
 38687 | Snake:3  | Reached skill level 21 in Fighting
 38742 | Snake:4  | Entered Level 4 of the Snake Pit
 39386 | Snake:4  | Offered knowledge of Maxwell's Capacitive Coupling by
                  | Vehumet.
 40939 | Snake:4  | Got a serpentine rune of Zot
 41407 | Swamp:1  | Entered Level 1 of the Swamp
 41998 | Swamp:1  | Mangled by a spriggan berserker

Illustrated notes

Levels and vault maps discovered:
D:1:      dpeg_arrival_simpleton_c, layout_rooms, minmay_tetromino_t2
D:2:      layout_basic, basic_altar, uniq_terence
D:3:      layout_basic, nicolae_overflow_hidden_temple, grunt_decor_fettered,
          minmay_splitting_lines
D:4:      layout_basic
D:5:      layout_basic, minmay_temple_entry_proselytizer,
          minmay_increasing_density
D:6:      layout_cave_pods, marbit_many_paths, cheibrodos_sewer_entry_sluice,
          uniq_duvessa, uniq_jeremiah
D:7:      layout_gridville, kennysheep_doodads
D:8:      layout_loops_ring, serial_shops, nicolae_shop_window_shopping,
          hangedman_decor_peaks_small
D:9:      layout_basic, zin_purify, erik_orc_3, uniq_gastronok
D:10:     layout_roguey, serial_glass, glass_columns_a, glass_columns_b
D:11:     layout_small_grid, lair_entry_dummy, serial_shops,
          nicolae_shop_bloodbath_and_beyond, uniq_urug
D:12:     layout_roguey, grunt_decor_one_mirror,
          minmay_guarded_unrand_zonguldrok
D:13:     layout_cave_pools, erik_vaults_1, uniq_rupert
D:14:     dreamdust_black_sun_cult, layout_loops_ring,
          nicolae_dithmenos_through_a_glass_darkly, uniq_louise, uniq_nessos
D:15:     grunt_enter_depths_hoard, layout_basic, serial_shops,
          nicolae_shop_temple_entry_statues_fountains,
          nicolae_inconvenience_store, shop, nicolae_diamond_shop,
          nicolae_shop_dealshenge
Temple:   dpeg_three_leaves_temple
Lair:1:   layout_chaotic_city, hellmonk_ghost_happy_afterlife, basic_altar,
          grunt_megastairs_3, infiniplex_staircase_pool_2
Lair:2:   layout_cellular_growth, swamp_mist, dummy_snake_entry,
          lemuel_centaur_altar
Lair:3:   layout_gridlike, kennysheep_rathole, grunt_megastairs_4
Lair:4:   layout_roguey, nicolae_slime_entry_field_trip,
          ebering_ghost_inner_flame, st_stairs_10,
          cheibrodos_lair_caveside_slide, uniq_kirke
Lair:5:   minmay_lair_end_enchanted_forest, layout_gridlike, lemuel_fruit_tree,
          serial_bayou_shore_b
Swamp:1:  layout_basic_swamp, nicolae_swamp_trees_clearing,
          nicolae_swamp_tree_isthmus
Snake:1:  layout_misc_corridors, serial_bayou, serial_bayou_pond_e,
          serial_bayou_pond_c, serial_bayou_crossing, serial_bayou_lake_a,
          serial_bayou_ford_a, hangedman_snake_sidewinding
Snake:2:  kennysheep_six_static_rooms, layout_onion_interference, serial_shops,
          shop, drop_trap, minmay_shop_grove
Snake:3:  layout_layer_cave, portal_ice_cave_entry_ugly_swarm, serial_shops,
          nicolae_shop_tiny_waterfront, nicolae_snake_gridmaze_waves,
          nicolae_coiled_stairwell_up
Snake:4:  minmay_snake_end_coiled, layout_misc_corridors
Orc:1:    cheibrodos_orc_bank, layout_caves, serial_shops, shop, mines5_lemuel
Orc:2:    st_orc_town, layout_caves

Skill      XL: |  1  2  3  4  5  6  7  8  9 10 11 12 13 14 15 16 17 |
---------------+----------------------------------------------------+-----
Fighting       | 1 2 3 4 5 7 9 11 13 15 16 18 19 20 21 | 21.4
Ice Magic      | 5 6 7 8 |  8.9
Spellcasting   | 3 4 5 7 9 10 11 12 13 | 13.9
Polearms       | 4 8 12 14 | 14.6
Conjurations   | 4 7 9 10 11 | 11.9
Armour         | 3 |  3.0
Shields        | 3 5 |  5.0
Dodging        | 3 |  3.0
Stealth        | |  2.1

Action                     |  1- 3 |  4- 6 |  7- 9 | 10-12 | 13-15 | 16-18 || total
---------------------------+-------+-------+-------+-------+-------+-------++-------
  Melee: Short sword       |     4 |       |       |       |       |       ||     4
         Spear             |    76 |    26 |       |       |       |       ||   102
         Halberd           |       |    23 |   131 |   246 |       |       ||   400
         Tailslap          |       |       |     1 |     2 |     9 |     6 ||    18
         Trident           |       |       |   113 |       |       |       ||   113
         Punch             |       |       |     1 |     3 |    12 |       ||    16
         Demon trident     |       |       |       |   273 |  1390 |   521 ||  2184
         Glaive            |       |       |       |    16 |    34 |       ||    50
  Throw: Stone             |       |     2 |     7 |    10 |     9 |     1 ||    29
         Dart              |       |       |       |    17 |     5 |       ||    22
         Javelin           |       |       |       |       |     2 |       ||     2
         Throwing net      |       |       |       |       |     1 |       ||     1
   Cast: Freeze            |    43 |    20 |    36 |    15 |    82 |       ||   196
         Ozocubu's Armour  |       |     8 |    21 |    44 |   102 |    35 ||   210
         Frozen Ramparts   |       |    10 |    32 |    68 |   112 |    87 ||   309
         Stone Arrow       |       |       |       |     1 |   135 |    80 ||   216
         Iskenderun's Batt |       |       |       |       |     2 |       ||     2
         Fireball          |       |       |       |       |    21 |     6 ||    27
         Freezing Cloud    |       |       |       |       |     8 |   134 ||   142
  Evoke: Wand              |       |     4 |     5 |     3 |     5 |       ||    17
    Use: Scroll            |       |       |     8 |     7 |    13 |    10 ||    38
         Potion            |       |       |       |     2 |     1 |       ||     3
   Stab: Sleeping          |     5 |       |     2 |     3 |     2 |     1 ||    13
         Distracted        |       |       |       |     1 |     1 |       ||     2
 Armour: Robe              |    33 |    34 |    36 |       |       |       ||   103
         Leather armour    |       |       |   123 |   258 |   782 |       ||  1163
         Ring mail         |       |       |       |       |   100 |   272 ||   372
  Dodge: Dodged            |    50 |    34 |   143 |   189 |   506 |   109 ||  1031
  Block: Other             |       |       |       |    25 |    81 |       ||   106
         Reflection        |       |       |       |     4 |    14 |    42 ||    60
         Buckler           |       |       |       |       |   359 |    97 ||   456
         Tower shield      |       |       |       |       |       |    15 ||    15
         Kite shield       |       |       |       |       |       |    36 ||    36

Table legend: (Time is in decaauts)
 A = Elapsed time spent in this place.
 B = Non-inter-level travel time spent in this place.
 C = Inter-level travel time spent in this place.
 D = Time resting spent in this place.
 E = Time spent auto-exploring this place.
 F = Levels seen in this place.
 G = Mean time per level.
                   A        B        C        D        E       F      G
               +--------+--------+--------+--------+--------+-----+--------+
         Total |  41209 |  38210 |   2999 |  13055 |   7307 |  29 | 1421.0 |
       Dungeon |  18805 |  17193 |   1612 |   5419 |   4215 |  15 | 1253.7 |
        Temple |     12 |      8 |      4 |      0 |      0 |   1 |   12.0 |
          Lair |   9478 |   8816 |    662 |   3424 |    739 |   5 | 1895.6 |
         Swamp |    554 |    554 |      0 |    145 |     72 |   1 |  554.0 |
     Snake Pit |   8622 |   8215 |    407 |   2910 |   1748 |   4 | 2155.5 |
  Orcish Mines |   3653 |   3340 |    313 |   1152 |    533 |   2 | 1826.5 |
         Sewer |     82 |     82 |      0 |      4 |      0 |   1 |   82.0 |
               +--------+--------+--------+--------+--------+-----+--------+

Top non-repeatable levels by time:
     D:9: 2539 daAuts
 Snake:1: 2501 daAuts
 Snake:4: 2471 daAuts
  Lair:5: 2395 daAuts
 Snake:3: 2228 daAuts
  Lair:4: 2176 daAuts
   Orc:1: 1974 daAuts
  Lair:3: 1851 daAuts
  Lair:2: 1694 daAuts
   Orc:2: 1679 daAuts
     D:5: 1667 daAuts
    D:13: 1508 daAuts
    D:15: 1464 daAuts
    D:12: 1422 daAuts
 Snake:2: 1421 daAuts
